 Dungeon Crawl Stone Soup version bcrawl-1.19.2-6-g6a88ae04c9 (webtiles) character file.

Game seed: 9092267476272380125

249 Mrkan the Skirmisher (level 6, -2/56 HPs)
             Began as a Hill Orc Fighter on Dec 27, 2019.
             Was an Initiate of Ashenzari.
             Killed by divine providence
             ... invoked by an orc priest
              (13 damage)
             ... on level 3 of the Dungeon.
             The game lasted 00:04:46 (2590 turns).

Mrkan the Skirmisher (Hill Orc Fighter)             Turns: 2590, Time: 00:04:47

Health: -2/56      AC: 13    Str: 25    XL:     6   Next: 12%
Magic:  6/6        EV:  4    Int:  8    God:    Ashenzari [......]
Gold:   187        SH: 10    Dex: 11    Spells: 5/5 levels left

rFire    . . .     SeeInvis .   a - +0 war axe
rCold    . . .     Gourm    .   c - +0 shield (curse)
rNeg     . . .     Faith    .   w - +0 plate armour (curse)
rPois    +         Spirit   .   (no helmet)
rElec    .         Reflect  .   (no cloak)
rCorr    .         Harm     .   n - +0 pair of gloves (curse)
MR       .....                  (no boots)
Stlth    ..........             (no amulet)
HPRegen  0.18/turn              e - ring of poison resistance (curse)
MPRegen  0.10/turn              (no ring)

@: mighty
A: no striking features
a: Curse Item, Renounce Religion, Convert to Beogh


You were on level 3 of the Dungeon.
You worshipped Ashenzari.
Ashenzari was noncommittal.
You were not hungry.

You visited 1 branch of the dungeon, and saw 3 of its levels.

You collected 187 gold pieces.

Inventory:

Hand Weapons
 a - a +0 war axe (weapon)
Armour
 c - a cursed +0 shield (worn)
 l - a +0 pair of boots
 n - a cursed +0 pair of gloves (worn)
 w - a cursed +0 plate armour (worn)
Jewellery
 e - a cursed ring of poison resistance (left hand)
 s - an uncursed ring of ice
 x - a +4 ring of dexterity
Scrolls
 b - a scroll of amnesia {unknown}
 h - 4 scrolls of magic mapping
 i - 3 scrolls of teleportation
 j - 6 scrolls of identify
 o - a scroll of remove curse
 p - a scroll of fear {unknown}
 q - a scroll of fog {unknown}
 u - a scroll of enchant armour {unknown}
Potions
 g - a potion of degeneration
 k - a potion of cancellation {unknown}
 m - a potion of resistance {unknown}
 r - a potion of berserk rage {unknown}
 t - a potion of flight {unknown}
 v - a potion of heal wounds {unknown}
Comestibles
 f - 4 rations {!d}
 z - 4 chunks of flesh


   Skills:
 * Level 5.4 Fighting
   Level 5.4 Short Blades
   Level 5.4 Long Blades
   Level 5.4 Axes
   Level 5.4 Maces & Flails
   Level 5.4 Polearms
   Level 5.4 Staves
 + Level 4.5 Armour
 + Level 4.5 Shields
   Level 5.4 Unarmed Combat


You had 5 spell levels left.
You didn't know any spells.
Your spell library contained the following spells:

 Spells                   Type           Power        Failure   Level  Hunger
 Apportation              Tloc           #.....       100%        1    ##.....
 Infusion                 Chrm           #.......     100%        1    ##.....
 Sandblast                Erth           #.....       100%        1    ##.....
 Slow                     Hex            #.......     100%        1    ##.....
 Summon Butterflies       Summ           #.......     100%        1    ##.....


Dungeon Overview and Level Annotations

Branches:
Dungeon (3/12)

Altars:
Ashenzari
Fedhas
Xom

Annotations:
D:3 Ijyb


Message History

Beogh smites you!
Your shield and plate armour prevent you from hitting the orc priest.
The orc priest is moderately wounded.
You block the orc priest's attack.
Your plate armour prevents you from hitting the orc priest.
The orc priest is moderately wounded.
The orc priest hits you but does no damage.
Your plate armour prevents you from hitting the orc priest.
The orc priest is moderately wounded.
You block the orc priest's attack.
The orc priest invokes the aid of Beogh against you.
Beogh smites you!
* * * LOW HITPOINT WARNING * * *
You closely miss the orc priest.
The orc priest is moderately wounded.
The orc priest threatens, "By the altar or by the axe, you will meet Beogh!"
You feel very mighty all of a sudden.
The orc priest calls down the wrath of Beogh upon you.
Beogh smites you!
You die...

*****,*,*,* *,* #.........
*,,,,,*,*,* *,* #.........
*,*****,*,* *,* #......... *,*
*,*,* *,* #...(..... *,* *,#,*
*,* #......=..
*,*****,#.##*****,* #.........
*,,,,,,,#....,,,,,* #.........
******,,,..#...#########.........
,,,,,+,,,......o@)...............
******,,,..#...###########'######
*,,,,,#..,* #.# #... *,,,,,#.,,*
#.# #... *,,,,,#,,,* #.###...
*,,,,,*,,,* #....... *,,,,,*,,,*
#....... *,,,,,*,,,* #.......
*******,,,* #.###...


You could see an orc priest.

Vanquished Creatures
  A scorpion (D:3)
  A centaur skeleton (D:3)
  An orc wizard (D:2)
  A worker ant (D:2)
  4 adders (D:3)
  An ooze (D:2)
  An adder zombie (D:3)
  A worm (D:2)
  2 dart slugs (D:1)
  3 leopard geckos (D:1)
  8 orcs
  A giant cockroach (D:2)
  4 goblins
  9 hobgoblins
  4 jackals (D:2)
  A quokka (D:2)
  10 bats
  6 frilled lizards
  5 kobolds
  4 rats
68 creatures vanquished.

Notes
Turn   | Place    | Note
-------+----------+-------------------------------------------
     0 | D:1      | Mrkan the Hill Orc Fighter began the quest for the Orb.
     0 | D:1      | Reached XP level 1. HP: 20/20 MP: 1/1
   185 | D:1      | Reached XP level 2. HP: 27/27 MP: 2/2
   621 | D:1      | Reached XP level 3. HP: 33/34 MP: 3/3
  1063 | D:2      | Found a shattered altar of Ashenzari.
  1074 | D:2      | Reached XP level 4. HP: 11/41 MP: 4/4
  1083 | D:2      | Became a worshipper of Ashenzari the Shackled
  1488 | D:2      | Found a shimmering altar of Xom.
  1534 | D:2      | Reached skill level 5 in Fighting
  1597 | D:2      | Found a blossoming altar of Fedhas.
  1826 | D:2      | Reached XP level 5. HP: 47/48 MP: 5/5
  2158 | D:3      | Reached * piety under Ashenzari
  2347 | D:3      | Noticed Ijyb
  2353 | D:3      | Noticed an ogre
  2484 | D:3      | Reached XP level 6. HP: 55/56 MP: 6/6
  2590 | D:3      | Killed from afar by an orc priest

Skill      XL: |  1  2  3  4 |
---------------+-------------+-----
Shields        | 4 |  4.5
Fighting       | 5 |  5.4
Armour         | 4 |  4.5
Short Blades   | |  5.4
Long Blades    | |  5.4
Axes           | |  5.4
Maces & Flails | |  5.4
Polearms       | |  5.4
Staves         | |  5.4
Unarmed Combat | |  5.4

Action                   |  1- 3 |  4- 6 || total
-------------------------+-------+-------++-------
Melee: War axe           |   118 |   109 ||   227
       Unarmed           |       |     1 ||     1
Invok: Curse Item        |       |     5 ||     5
  Use: Scroll            |       |     4 ||     4
       Potion            |       |     1 ||     1
  Eat: Chunk             |     1 |     5 ||     6
Armor: Scale mail        |    86 |    31 ||   117
       Chain mail        |       |    18 ||    18
       Plate armour      |       |    24 ||    24
Dodge: Dodged            |    51 |    38 ||    89
Block: Shield            |    71 |    71 ||   142
